Unix NetHack Version 5.0.0-0 post-release - last build May  4 2026 22:22:43 (774f63e81ad911689b3a0859ea89b322d5daca8d,branch:main).

Game began 2026-05-10 05:08:25, ended 2026-05-10 05:25:10.

BeardyHaddock, lawful male dwarven Archeologist

        ------------                                                     -----
        |.......+..|                 -----                              #....|
        |......(...|                 |....#    --------------           #|...|
        |.....`.....#                |...|#####.............|           #|..<|
        |..........|#+               |...|     |............|           #|...|
        |..........| #               |.{.|     |............|           #|...|
        |........... #               |...|     |............|           #-----
        ------|----- #               --.--     ----|---------           ####
              #      #               ###           ###                     #
              #      #              ##               ###                   #
              #      #              #                  ##            ------#
              #      #              #                   #            |.{...#
              #      #              #                   #            |..^.|
              (      #--------      #                   #           #..(..|
       -------|-     #.......|     ### ##########   ----.-----  #####----.-
       |.)))@..|      |[.....-##  #-.--------   #   |....`..^.###
       |..(.(.(|      |.)....| ####.........|   ####......>..|
       |)/)%%).|      |......|#####|........|       |........|
       ---------      --------     ----------       ----------

BeardyHaddock the Field Worker  St:13 Dx:9 Co:16 In:16 Wi:16 Ch:9  Lawful
Dlvl:5  $:0  HP:0(26) Pw:12(12) AC:7  Xp:3 T:3193  Burdened Blind

Latest messages:
 It touches you!
 You begin bashing monsters with your bare hands.
 You miss it.
 You miss it.
 a - a +3 bullwhip (weapon in right hand).
 You have no secondary weapon readied.
 It touches you!
 You miss it.
 You miss it.
 You lash it.
 It touches you!
 You lash it.
 You miss it.
 You miss it.
 You miss it.
 You miss it.
 You miss it.
 It touches you!
 You miss it.
 You miss it.
 You miss it.
 It touches you!
 You miss it.
 It touches you!
 You miss it.
 You hear some noises.
 You miss it.
 It touches you!
 You miss it.
 You try to feel what is lying here on the floor.
 You feel here 6 darts (for sale, 24 zorkmids).
 You try to feel what is lying here on the floor.
 You feel here a dart (for sale, 4 zorkmids).
 You try to feel what is lying here on the floor.
 You feel here a dagger (for sale, 5 zorkmids).
 Wait!  There's something there you can't see!
 Wait!  There's something there you can't see!
 It gets angry!
 You hear a nearby zap.
 The wand misses you.
 Wait!  There's something there you can't see!
 You hear a nearby zap.
 The wand hits you!
 You die...
 Matagami takes all your possessions.
 Do you want to see what you had when you died? [ynq] (y) n
 Do you want to see your attributes? [ynq] (y) n
 Do you want an account of creatures vanquished? [ynaq] (y) n
 Do you want to see your conduct and achievements? [ynq] (y) n
 Do you want to see the dungeon overview? [ynq] (y) n

Inventory:
 Weapons  (')')
  a - a +3 bullwhip (weapon in right hand)
 Armor    ('[')
  c - an uncursed +0 fedora (being worn)
  F - an uncursed +0 studded leather armor (being worn)
 Comestibles  ('%')
  l - an uncursed slime mold
  r - an uncursed carrot
  d - 3 uncursed food rations
 Scrolls  ('?')
  s - an uncursed scroll of gold detection
  z - an uncursed scroll of scare monster
 Spellbooks  ('+')
  t - an uncursed spellbook of extra healing
 Rings    ('=')
  E - an uncursed ring of levitation
  p - a cursed ring of protection from shape changers
 Wands    ('/')
  j - a wand of digging (0:5)
  v - a wand of digging (0:4)
  o - a wand of nothing (0:4)
  C - a wand of wishing (0:1)
 Tools    ('(')
  h - an empty uncursed sack
  H - an uncursed skeleton key
  f - a tinning kit (0:93)
 Gems/Stones  ('*')
  k - an uncursed worthless piece of green glass
  u - a cursed loadstone
  g - an uncursed touchstone

BeardyHaddock the Archeologist's attributes:

Background:
 You were a Field Worker, a level 3 male dwarven Archeologist.
 You were lawful, on a mission for Quetzalcoatl
 who was opposed by Camaxtli (neutral) and Huhetotl (chaotic).
 You were right-handed.
 You were in the Dungeons of Doom, on level 5.
 You entered the dungeon 3193 turns ago.
 It was nighttime.
 You had 55 experience points, 25 more were needed to attain level 4.

Basics:
 You had 0 out of 26 hit points.
 You had all 12 energy points (spell power).
 Your armor class was 7.
 Your wallet was empty.
 Autopickup was off.

Final Characteristics:
 Your strength was 13 (limit:18/100).
 Your dexterity was 9 (limit:20).
 Your constitution was 16 (limit:20).
 Your intelligence was 16 (limit:16).
 Your wisdom was 16 (limit:16).
 Your charisma was 9 (limit:16).

Final Status:
 You were temporarily blind.
 You were held by a large mimic (southwest).
 You weren't hungry.
 You were burdened; movement was slightly slowed.
 You were wielding a whip.
 You had basic skill with whip.

Final Attributes:
 You were piously aligned.
 You had automatic searching.
 You had infravision.
 You were warded.
 You were lucky.
 You are dead.

Miscellaneous:
 You didn't encounter any bones levels.
 Total elapsed playing time was 16 minutes and 45 seconds.

Major events:
 Turn
    1: BeardyHaddock the lawful male dwarven Archeologist entered the dungeon
 1425: attained the rank of Field Worker (level 3)
 3193: killed by a wand

Spells:
 Name                 Level Category     Fail Retention
 detect food            2   divination    78%  76%-100%
 extra healing          3   healing      100%  76%-100%

Skills:
 Fighting Skills
   bare handed combat [Unskilled]
   two weapon combat  [Unskilled]
   riding             [Unskilled]
 Weapon Skills
   dagger             [Unskilled]
   knife              [Unskilled]
   pick-axe           [Basic]
   short sword        [Unskilled]
   saber              [Unskilled]
   club               [Unskilled]
   quarterstaff       [Unskilled]
   sling              [Unskilled]
   dart               [Unskilled]
   boomerang          [Unskilled]
   whip               [Basic]
   unicorn horn       [Unskilled]
 Spellcasting Skills
   attack spells      [Unskilled]
   healing spells     [Unskilled]
   divination spells  [Unskilled]
   matter spells      [Unskilled]

Voluntary challenges:
 Character rerolling was not enabled.
 You never genocided any monsters.
 You never polymorphed an object.
 You never changed form.
 You used no wishes.
Achievements:
 You attained the rank of Field Worker.
 You entered a shop.

 The Dungeons of Doom: levels 1 to 5
    Level 1:
    Level 2:
       A sink.
    Level 3:
       Some fountains.
    Level 4:
       A sink, a grave.
    Level 5: <- You were here.
       A general store, some fountains.
       Final resting place for
          you, killed by a wand.


Vanquished creatures:
  2 shriekers
  a giant ant
  a rothe
  a rabid rat
  2 dwarf zombies
  2 iguanas
  a large kobold
  2 giant rats
  a yellow mold
  3 geckos
  5 jackals
  2 foxes
  2 kobolds
  a goblin
  a sewer rat
  3 grid bugs
  4 lichens
  a kobold zombie
  4 newts
39 creatures vanquished.

No species were genocided or became extinct.

Game over:
                       ----------
                      /          \
                     /    REST    \
                    /      IN      \
                   /     PEACE      \
                  /                  \
                  |  BeardyHaddock   |
                  |       0 Au       |
                  | killed by a wand |
                  |                  |
                  |                  |
                  |                  |
                  |       2026       |
                 *|     *  *  *      | *
        _________)/\\_//(\/(/\)/\//\/|_)_______

Goodbye BeardyHaddock the Archeologist...

You died in The Dungeons of Doom on dungeon level 5 with 430 points,
and 0 pieces of gold, after 3193 moves.
You were level 3 with a maximum of 26 hit points when you died.

